 Dungeon Crawl Stone Soup version 0.22-a0-204-g464ede7bef (webtiles) character file.

122 RedPan the Slasher (level 4, -1/35 HPs)
             Began as a Demonspawn Monk on Feb 18, 2018.
             Killed by divine providence
             ... invoked by an orc priest
              (10 damage)
             ... on level 3 of the Dungeon.
             The game lasted 00:03:36 (1888 turns).

RedPan the Slasher (Demonspawn Monk)                Turns: 1888, Time: 00:03:37

Health: -1/35      AC:  5    Str: 12    XL:     4   Next: 78%
Magic:  4/4        EV: 14    Int: 11    God:
Gold:   118        SH:  0    Dex: 16    Spells: 3/3 levels left

rFire    x . .     SeeInvis .   a - +0 falchion
rCold    + . .     Gourm    .   (no shield)
rNeg     . . .     Faith    .   b - +1 robe
rPois    .         Spirit   .   (helmet restricted)
rElec    .         Reflect  .   (no cloak)
rCorr    +         Harm     .   (no gloves)
MR       .....                  (no boots)
Stlth    ++........             (no amulet)
HPRegen  0.11/turn              l - ring of resist corrosion
MPRegen  0.09/turn              m - ring of ice

@: no status effects
A: horns 1, iridescent scales 1
a: no special abilities


You were on level 3 of the Dungeon.
You were hungry.

You visited 1 branch of the dungeon, and saw 3 of its levels.

You collected 118 gold pieces.

Inventory:

Hand Weapons
 a - a +0 falchion (weapon)
Armour
 b - a +1 robe (worn)
Jewellery
 l - a ring of resist corrosion (left hand)
 m - a ring of ice (right hand)
 p - a cursed ring of loudness {unknown}
Scrolls
 d - 2 scrolls of remove curse
 h - 2 scrolls of identify
 j - a scroll of amnesia
 o - a scroll of teleportation {unknown}
Potions
 e - a potion of lignification
 f - a potion of curing {unknown}
 g - a potion of ambrosia {unknown}
 k - 2 potions of agility {unknown}
 n - a potion of heal wounds {unknown}
Comestibles
 c - 5 rations
 i - 4 chunks of flesh


   Skills:
 - Level 3.0 Fighting
 + Level 4.0 Long Blades
 + Level 4.0 Dodging
 - Level 1.7 Stealth


You had 3 spell levels left.
You didn't know any spells.

Dungeon Overview and Level Annotations

Branches:
Dungeon (3/15)

Altars:

Annotations:
D:3 Jessica


Innate Abilities, Weirdness & Mutations

You have a pair of small horns on your head.
You are partially covered in iridescent scales. (AC +2)


Message History

The orc priest invokes the aid of Beogh against you.
Pain shoots through your body!
* * * LOW HITPOINT WARNING * * *
There is an open door here.
Jessica grins evilly.
You closely miss Jessica. Your headbutt misses Jessica.
Jessica is moderately wounded.
Jessica hits you but does no damage.
You barely miss Jessica. You headbutt Jessica.
Jessica is severely wounded.
Jessica closely misses you.
You hit Jessica but do no damage.
Jessica is severely wounded.
Jessica barely misses you.
You hit Jessica. Your headbutt misses Jessica.
Jessica is almost dead.
Jessica barely misses you.
The orc priest calls down the wrath of Beogh upon you.
Beogh smites you!
You die...

#########
........##################
.......o@@................
........#####.###########.
###.....# #.# #. #.....#
#.# #. #...... #.# #.
####.... #.##### #. #....#
#.....#######. #....#
#####......... #....#
#.............


You could see an orc priest and Jessica.

Vanquished Creatures
  2 adders
  An ooze (D:2)
  4 worms
  2 dart slugs
  2 leopard geckos
  7 orcs
  A ball python (D:2)
  4 giant cockroaches
  11 goblins
  6 hobgoblins
  3 jackals (D:3)
  5 kobolds
  A quokka (D:2)
  11 bats
  5 frilled lizards
  7 rats
72 creatures vanquished.

Notes
Turn   | Place    | Note
-------+----------+-------------------------------------------
     0 | D:1      | RedPan the Demonspawn Monk began the quest for the Orb.
     0 | D:1      | Reached XP level 1. HP: 18/18 MP: 1/1
   261 | D:1      | Gained mutation: You have a pair of small horns on your head. [demonic ancestry]
   261 | D:1      | Reached XP level 2. HP: 23/24 MP: 2/2
   734 | D:1      | Gained mutation: You are partially covered in iridescent scales. (AC +2) [demonic ancestry]
   734 | D:1      | Reached XP level 3. HP: 29/29 MP: 3/3
  1263 | D:2      | Reached XP level 4. HP: 33/35 MP: 4/4
  1875 | D:3      | Noticed Jessica
  1888 | D:3      | Killed from afar by an orc priest

Vault maps used:
D:1:      onia_arrival_pentagram, grunt_decor_one_mirror
D:2:      first_ration, minmay_misc_feat_more_columns
D:3:      uniq_jessica

Skill      XL: |  1  2  3  4 |
---------------+-------------+-----
Long Blades    | 3 4 |  4.0
Dodging        | 3 4 |  4.0
Fighting       | |  3.0
Stealth        | |  1.7

Action                   |  1- 3 |  4- 6 || total
-------------------------+-------+-------++-------
Melee: Falchion          |   118 |    74 ||   192
       Headbutt          |    11 |    15 ||    26
  Use: Scroll            |       |     5 ||     5
 Stab: Sleeping          |     3 |     3 ||     6
  Eat: Chunk             |     1 |     2 ||     3
Armor: Robe              |    27 |    13 ||    40
Dodge: Dodged            |   101 |    50 ||   151
       Rpst.: Falchion   |    33 |    16 ||    49

Table legend:
 A = Spawn XP
 B = Non-spawn XP
 C = Spawn XP percentage of total XP
 D = Spawn monster count
 E = Non-spawn monster count
 F = Spawn count percentage of total count
 G = Total turns spent on level
                    A         B        C        D         E        F      G
               +---------+---------+-------+---------+---------+-------+---------
         Total |       0 |     175 |   0.0 |       0 |      72 |   0.0 |  1888
               +---------+---------+-------+---------+---------+-------+---------
           D:1 |       0 |      45 |   0.0 |       0 |      23 |   0.0 |   733
           D:2 |       0 |      56 |   0.0 |       0 |      22 |   0.0 |   764
           D:3 |       0 |      74 |   0.0 |       0 |      27 |   0.0 |   391
               +---------+---------+-------+---------+---------+-------+---------
